 Dungeon Crawl Stone Soup version 0.26-a0-665-gefeb406119 (webtiles) character file.

Game seed: 15180578161777096564

15901 robertstho the Grappler (level 12, -1/115 HPs)
             Began as a Troll Fighter on Oct 14, 2020.
             Was the Champion of Okawaru.
             Slain by a hog (13 damage)
             ... led by Kirke
             ... on level 12 of the Dungeon.
             The game lasted 00:18:22 (10164 turns).

robertstho the Grappler (Troll Fighter)            Turns: 10164, Time: 00:18:23

Health: -1/115     AC:  0    Str: 30    XL:     12   Next: 5%
Magic:  14/14      EV: 21    Int:  5    God:    Okawaru [******]
Gold:   743        SH:  0    Dex:  9    Spells: 11/11 levels left

rFire    . . .     SeeInvis .     - Unarmed
rCold    . . .     Faith    .   (shield currently unavailable)
rNeg     . . .     Spirit   .   (armour currently unavailable)
rPois    .         Reflect  .   (helmet currently unavailable)
rElec    .         Harm     .   (cloak currently unavailable)
rCorr    .         Rampage  .   (gloves unavailable)
MR       .....                  (boots unavailable)
Stlth    +++.......             f - amulet of regeneration
HPRegen  1.09/turn              (ring currently unavailable)
MPRegen  0.14/turn              (ring currently unavailable)

@: pig-form, heroism, slowed
A: small, unfitting armour, regeneration 1
a: Heroism, Finesse, Renounce Religion


You were on level 12 of the Dungeon.
You worshipped Okawaru.
Okawaru was exalted by your worship.
You were a filthy swine.
You visited 2 branches of the dungeon, and saw 13 of its levels.
You also visited: Ossuary.

You collected 887 gold pieces.
You spent 144 gold pieces at shops.

Inventory:

Missiles
 L - 4 large rocks (quivered)
Armour
 a - a scarf of shadows
 b - a +0 kite shield (melded)
 s - a +1 robe of cold resistance
 z - a +2 cloak (melded)
 M - a +0 troll leather armour (melded)
Jewellery
 e - an uncursed ring of positive energy
 f - an amulet of regeneration (around neck)
 g - a +4 ring of slaying {unknown}
 r - an uncursed ring of positive energy
 t - a ring of protection from cold (melded)
 E - a ring of protection from magic (melded)
Wands
 q - a wand of enslavement (8)
 v - a wand of random effects (17)
 y - a wand of polymorph (11)
 B - a wand of flame (65)
 D - a wand of iceblast (7)
 P - a wand of disintegration (11)
 Q - a wand of digging (2)
Scrolls
 i - a scroll of magic mapping {unknown}
 l - 4 scrolls of remove curse {unknown}
 m - 4 scrolls of blinking
 o - 4 scrolls of immolation {unknown}
 p - a scroll of amnesia {unknown}
 u - a scroll of fog {unknown}
 w - 8 scrolls of teleportation {unknown}
 G - 3 scrolls of enchant weapon {unknown}
 J - a scroll of fear {unknown}
Potions
 c - 2 potions of might
 d - 4 potions of flight
 h - 2 potions of stabbing
 j - 4 potions of lignification
 k - 3 potions of heal wounds
 n - a potion of berserk rage
 x - a potion of haste {unknown}
 A - 5 potions of curing
 C - 2 potions of brilliance
 F - 2 potions of ambrosia
 H - a potion of mutation
 I - 3 potions of degeneration {unknown}
 K - 3 potions of magic
 O - 2 potions of resistance {unknown}
Miscellaneous
 N - a condenser vane (2/2)


   Skills:
 * Level 6.4(11.4) Fighting
 + Level 1.3(6.3) Armour
 * Level 7.5(12.5) Dodging
 + Level 1.4(6.4) Stealth
 + Level 6.0(11.0) Shields
 * Level 13.4(18.4) Unarmed Combat
 * Level 4.9 Invocations


You had 11 spell levels left.
You didn't know any spells.
Your spell library contained the following spells:

 Spells                   Type           Power        Failure   Level
 Beastly Appendage        Tmut           #.....       47%         1
 Corona                   Hex            #......      47%         1
 Ensorcelled Hibernation  Hex/Ice        #.....       63%         2
 Wereblood                Tmut           #.......     63%         2
 Confusing Touch          Hex            #.......     85%         3
 Dazzling Flash           Conj/Hex       #.....       85%         3
 Spider Form              Tmut/Pois      #.........   85%         3
 Tukima's Dance           Hex            #.......     85%         3
 Ice Form                 Ice/Tmut       #.......     99%         4
 Blade Hands              Tmut           #.........   100%        5


Dungeon Overview and Level Annotations

Branches:
Dungeon (12/15)            Temple (1/1) D:6            Lair (0/6) D:10
    Orc (0/2) D:11        Ossuary (visited)

Altars:
Dithmenos
Elyvilon
Fedhas
Gozag
Makhleb
Nemelex Xobeh
Okawaru
Ru
Sif Muna
Vehumet
Wu Jian
The Shining One
Beogh

Shops:
D:6 }   D:8 *   D:10 (   D:11 [

Annotations:
D:12 Kirke


Innate Abilities, Weirdness & Mutations

You are too large for most types of armour.
((You have claws for hands.))
Your natural rate of healing is unusually fast.
((You are covered in fur. (AC +1)))
((You have extremely tough skin. (AC +3)))


Message History

The hog misses you. The hog bites you!
* * * LOW HITPOINT WARNING * * *
Kirke hits you.
* * * LOW HITPOINT WARNING * * *
You feel much better. The hog completely misses you. The manticore bites you!!
* * * LOW HITPOINT WARNING * * *
The manticore misses you. The manticore completely misses you.
The hog barely misses you.
Kirke holds her sides and says, "You'll eat dirt beneath my feet."
Kirke hits you!
* * * LOW HITPOINT WARNING * * *
The manticore misses you. The manticore claws you.
* * * LOW HITPOINT WARNING * * *
The manticore misses you. The hog closely misses you. The hog misses you.
You feel much better. The hog completely misses you.
The hog closely misses you. Kirke barely misses you. The manticore misses you.
The manticore claws you!
* * * LOW HITPOINT WARNING * * *
The manticore closely misses you. The hog barely misses you. The hog bites you!
You die...

#.....†.....# #...
#...........# #...
#...........######...
#...............##...
#...........###..#...
#...........# ##.'...
#...........# ###...
#...Hh......# #...
#...h@o.....# ##'#
#.<..h>...>.# #§#
##########.## #†# #.#
#h{# ..# #h## ## Hh
.n. .... .....


You could see Kirke, a manticore (summoned), 2 hogs and an orc.

Vanquished Creatures
  Gastronok (D:8)
  A two-headed ogre (D:10)
  4 skeletal warriors (D:11)
  2 ugly things
  4 trolls
  2 hornets
  4 wyverns
  5 yaks (D:10)
  A basilisk (D:10)
  A hog (D:12)
  4 water moccasins
  Duvessa (D:5)
  A black bear (D:11)
  6 orc warriors
  5 sky beasts
  5 phantoms
  A necrophage (D:7)
  An ice beast (D:10)
  3 ogres
  10 centaurs
  4 bullfrogs
  A big kobold (D:10)
  Blork the orc (D:4)
  Dowan (D:5)
  5 scorpions
  A water moccasin skeleton (D:8)
  21 killer bees
  7 wights
  5 howler monkeys
  An electric eel (D:7)
  2 centaur zombies
  A quasit (D:10)
  A bullfrog zombie (D:12)
  8 hounds
  5 orc priests
  4 jellies
  3 centaur skeletons
  Crazy Yiuf (D:4)
  5 iguanas
  3 bullfrog skeletons
  17 orc wizards
  9 worker ants
  Terence (D:3)
  A killer bee zombie (D:7)
  9 big kobold zombies (Ossuary)
  5 hound skeletons
  A mummy (Ossuary)
  7 gnolls
  A howler monkey skeleton (D:10)
  11 adders
  3 shadow imps
  2 white imps
  3 ufetubi
  An ooze (D:4)
  An adder skeleton (D:4)
  2 worms (D:3)
  A dart slug (D:4)
  6 leopard geckos
  69 orcs
  4 spectral bats (Ossuary)
  5 giant cockroaches
  4 goblins
  7 hobgoblins
  5 jackals
  5 quokkas
  4 ball pythons
  9 bats
  A bat simulacrum (Ossuary)
  3 frilled lizards
  A giant cockroach zombie (D:5)
  3 gnoll zombies (Ossuary)
  2 goblin simulacra (Ossuary)
  3 goblin zombies (Ossuary)
  6 hobgoblin zombies (Ossuary)
  17 kobolds
  2 kobold simulacra (Ossuary)
  5 kobold zombies (Ossuary)
  A leopard gecko skeleton (D:5)
  4 orc zombies (Ossuary)
  2 rats (D:2)
  7 rat simulacra (Ossuary)
  3 spectral goblins (Ossuary)
  5 spectral rats (Ossuary)
400 creatures vanquished.

Vanquished Creatures (others)
  A fungus (D:10)
  17 plants
18 creatures vanquished.

Grand Total: 418 creatures vanquished

Notes
Turn   | Place    | Note
-------+----------+-------------------------------------------
     0 | D:1      | robertstho the Troll Fighter began the quest for the Orb.
     0 | D:1      | Reached XP level 1. HP: 22/22 MP: 0/0
   150 | D:1      | Reached XP level 2. HP: 23/29 MP: 1/1
   556 | D:2      | Reached XP level 3. HP: 36/36 MP: 2/2
   819 | D:2      | Found a white marble altar of Elyvilon.
   990 | D:2      | Reached XP level 4. HP: 44/44 MP: 3/3
   995 | D:2      | Found a faded altar of an unknown god.
  1187 | D:3      | Reached skill level 3 in Unarmed Combat
  1412 | D:3      | Reached XP level 5. HP: 52/52 MP: 4/4
  1613 | D:3      | Noticed Terence
  1618 | D:3      | Killed Terence
  2122 | D:4      | Found a runed translucent door.
  2123 | D:4      | Noticed Crazy Yiuf
  2278 | D:4      | Reached skill level 4 in Unarmed Combat
  2314 | D:4      | Reached XP level 6. HP: 61/61 MP: 5/5
  2401 | D:4      | Reached skill level 5 in Unarmed Combat
  2534 | D:4      | Found an opulent altar of Gozag.
  2565 | D:4      | Reached XP level 7. HP: 67/67 MP: 6/6
  2658 | D:4      | Noticed Blork the orc
  2664 | D:4      | Killed Blork the orc
  2853 | D:4      | Reached skill level 6 in Unarmed Combat
  2979 | D:4      | Killed Crazy Yiuf
  3015 | D:5      | Entered Level 5 of the Dungeon
  3102 | D:5      | Found a radiant altar of Vehumet.
  3285 | D:5      | Noticed a troll
  3307 | D:5      | Reached XP level 8. HP: 73/78 MP: 7/7
  3328 | D:5      | Reached skill level 7 in Unarmed Combat
  3334 | D:5      | Killed a troll
  3852 | D:5      | Reached skill level 8 in Unarmed Combat
  3854 | D:5      | Noticed Duvessa
  3854 | D:5      | Noticed Dowan
  3861 | D:5      | Killed Duvessa
  3861 | D:5      | Reached skill level 1 in Stealth
  3874 | D:5      | Killed Dowan
  4011 | D:6      | Found a staircase to the Ecumenical Temple.
  4084 | Temple   | Entered the Ecumenical Temple
  4106 | Temple   | Became a worshipper of Warmaster Okawaru
  4154 | D:6      | Found an ornate altar of the Wu Jian Council.
  4164 | D:6      | You fall into a shaft and drop 1 floor!
  4267 | D:6      | Reached skill level 5 in Dodging
  4333 | D:6      | Found Qaminar's Gadget Emporium.
  4402 | D:6      | Found a sparkling altar of Nemelex Xobeh.
  4553 | D:6      | Found a sand-covered staircase.
  4568 | Ossuary  | Entered an ossuary
  4753 | Ossuary  | Reached XP level 9. HP: 82/84 MP: 8/8
  5135 | D:6      | Reached skill level 9 in Unarmed Combat
  5135 | D:6      | Reached skill level 1 in Invocations
  5330 | D:7      | Reached * piety under Okawaru
  6392 | D:8      | Reached skill level 10 in Unarmed Combat
  6450 | D:8      | Paralysed by a hornet for 1 turns
  6453 | D:8      | Reached ** piety under Okawaru
  6469 | D:8      | Noticed Gastronok
  6484 | D:8      | Killed Gastronok
  6484 | D:8      | Reached *** piety under Okawaru
  6484 | D:8      | Reached skill level 5 in Fighting
  6484 | D:8      | Reached XP level 10. HP: 45/96 MP: 7/11
  6490 | D:8      | Reached skill level 11 in Unarmed Combat
  6676 | D:8      | Reached **** piety under Okawaru
  6693 | D:8      | Found Keulewe's Assorted Antiques.
  7017 | D:8      | Bought a fizzy golden potion for 34 gold pieces
  7017 | D:8      | Bought a scroll of identify for 76 gold pieces
  7017 | D:8      | Bought a murky silvery potion for 34 gold pieces
  7234 | D:9      | Reached skill level 5 in Shields
  7823 | D:9      | Found a glowing golden altar of the Shining One.
  8166 | D:10     | Entered Level 10 of the Dungeon
  8286 | D:10     | Reached ***** piety under Okawaru
  8286 | D:10     | Reached XP level 11. HP: 93/104 MP: 12/12
  8355 | D:10     | Reached skill level 12 in Unarmed Combat
  8416 | D:10     | Found a staircase to the Lair.
  8694 | D:10     | Found Wycaak's Antique Weapon Shoppe.
  9071 | D:10     | Noticed a two-headed ogre
  9074 | D:10     | Found a blossoming altar of Fedhas.
  9079 | D:10     | Killed a two-headed ogre
  9227 | D:11     | Noticed a skeletal warrior
  9227 | D:11     | Noticed a skeletal warrior
  9228 | D:11     | Noticed a skeletal warrior
  9245 | D:11     | Killed a skeletal warrior
  9245 | D:11     | Reached skill level 1 in Armour
  9253 | D:11     | Noticed a skeletal warrior
  9256 | D:11     | Killed a skeletal warrior
  9269 | D:11     | Killed a skeletal warrior
  9275 | D:11     | Killed a skeletal warrior
  9275 | D:11     | Received a gift from Okawaru
  9275 | D:11     | Reached skill level 13 in Unarmed Combat
  9316 | D:11     | Found a staircase to the Orcish Mines.
  9326 | D:11     | Noticed a purple ugly thing
  9335 | D:11     | Killed a purple ugly thing
  9342 | D:11     | Reached ****** piety under Okawaru
  9508 | D:11     | Found Diastr Xeija's Armour Emporium.
  9580 | D:11     | Found a glowing golden altar of the Shining One.
  9890 | D:11     | Found a roughly hewn altar of Beogh.
  9954 | D:12     | Noticed a cyan ugly thing
  9970 | D:12     | Killed a cyan ugly thing
  9970 | D:12     | Reached XP level 12. HP: 66/115 MP: 14/14
 10026 | D:12     | Noticed Kirke
 10162 | D:12     | HP: 5/115 [Kirke (4)]
 10164 | D:12     | Slain by a hog

Illustrated notes

Levels and vault maps discovered:
D:1:      mrwooster_arrival_statue_2, layout_loops_ring
D:2:      layout_rooms, chequers_ecumenical_altar_grove, elyvilon_altar_1
D:3:      layout_basic, serial_bayou_pond_d, uniq_terence
D:4:      layout_gridville, hangedman_decor_riveting, st_stairs_1,
          nicolae_gozag_seed_capital, uniq_blork_the_orc,
          uniq_crazy_yiuf_cottage
D:5:      minmay_clustersquares, layout_basic, basic_altar, uniq_duvessa
D:6:      layout_gridville, minmay_temple_entry_grid, basic_altar, serial_shops,
          shop, enter_ossuary_1, minmay_misc_feat_nine_boxes,
          nemelex_xobeh_ov_fountains_minmay
D:7:      layout_layer_cave, minmay_misc_feat_square, nicolae_water_bricks
D:8:      layout_rooms, serial_shops, shop, uniq_gastronok
D:9:      layout_stronghold, nicolae_tso_carved_into_rock, minivault_25,
          corexii_leaking_fountain, st_stairs_4, eino_jars
D:10:     layout_irregular_city, minmay_lair_entry_grove, serial_shops,
          shop_statue, fedhas_altar_2
D:11:     layout_long_grid, minmay_orc_entry_temple_small, serial_shops,
          nicolae_shop_statue_plus, basic_altar
D:12:     layout_roguey, trove_entry_hex_spiral, uniq_kirke
Temple:   minmay_crystal_snake_temple

Skill      XL: |  1  2  3  4  5  6  7  8  9 10 11 |
---------------+----------------------------------+-----
Dodging        | 3 4 5 6 7 |  7.5
Unarmed Combat | 3 4 5 6 8 10 11 13 | 13.4
Shields        | 3 4 5 6 |  6.0
Fighting       | 3 4 5 6 |  6.4
Stealth        | 1 |  1.4
Invocations    | 2 3 4 |  4.9
Armour         | 1 |  1.3

Action                   |  1- 3 |  4- 6 |  7- 9 | 10-12 || total
-------------------------+-------+-------+-------+-------++-------
Melee: Unarmed           |   106 |   152 |   452 |   540 ||  1250
Invok: Heroism           |       |       |     2 |     5 ||     7
  Use: Scroll            |       |       |       |    12 ||    12
       Potion            |       |       |       |     4 ||     4
 Stab: Sleeping          |     1 |     1 |     3 |       ||     5
Armor: Robe              |    33 |    51 |   127 |    31 ||   242
       Troll leather arm |       |       |       |   106 ||   106
Dodge: Dodged            |    38 |    49 |   145 |   250 ||   482
Block: Kite shield       |    50 |    56 |   213 |   254 ||   573

Table legend: (Time is in decaauts)
 A = Elapsed time spent in this place.
 B = Non-inter-level travel time spent in this place.
 C = Inter-level travel time spent in this place.
 D = Time resting spent in this place.
 E = Time spent auto-exploring this place.
 F = Levels seen in this place.
 G = Mean time per level.
                   A        B        C        D        E       F      G
               +--------+--------+--------+--------+--------+-----+--------+
         Total |  10031 |   9628 |    403 |     96 |   7262 |  14 |  716.5 |
       Dungeon |   9572 |   9190 |    382 |     96 |   7042 |  12 |  797.7 |
        Temple |     43 |     22 |     21 |      0 |     20 |   1 |   43.0 |
       Ossuary |    415 |    415 |      0 |      0 |    200 |   1 |  415.0 |
               +--------+--------+--------+--------+--------+-----+--------+

Top non-repeatable levels by time:
     D:9: 1240 daAuts
     D:7: 1114 daAuts
     D:5: 1047 daAuts
     D:4: 980 daAuts
    D:10: 952 daAuts
     D:3: 926 daAuts
    D:11: 799 daAuts
     D:6: 686 daAuts
     D:8: 577 daAuts
     D:2: 567 daAuts
     D:1: 541 daAuts
 Ossuary: 415 daAuts
    D:12: 138 daAuts
  Temple: 43 daAuts
